[Event "Early-Titled-Tuesday-Blitz-September-05-2023"]
[Site "Chess.com"]
[Date "2023.09.05"]
[Round "4"]
[White "Ramosha"]
[Black "Kapibara_Warri0r"]
[Result "0-1"]
[WhiteElo "2656"]
[BlackElo "2513"]
[TimeControl "180+1"]
[EndTime "8:38:20 PDT"]
[Termination "Kapibara_Warri0r won by checkmate"]

1. e4 e5 2. Nf3 Nc6 3. Nc3 Nf6 4.
h3 d5 5. exd5 Nxd5 6. Bb5 Nxc3 7. bxc3 e4 8. Nd4 Bd7 9. Bxc6 bxc6 10. O-O c5 11. Nb3 Bd6 12. Qe2 O-O 13. Qxe4 a5 14.
d3 Re8 15. Qf3 a4 16. Nd2 Be5 17. Ne4 Bc6 18. Be3 Bxc3 19. Rab1 Bd4 20. Rfe1 a3 21. Qg4 Bxe3 22. Rxe3 Qd4 23. Rbe1 Rab8 24. Qg3 Bxe4 25.
Rxe4 Rxe4 26. Rxe4 Qd7 27. Qe3 Rb1+ 28. Kh2 Qd6+ 29.
f4 h6 30. Re5 Rb2 31. Qe4 g6 32. Rd5 Qf6 33. Rxc5 Rxa2 34. Rxc7 Ra1 35. Rc6 Qg7 36. Ra6 a2 37. Qe5 Qxe5 38. fxe5 Kf8 39. Kg3 Ke7 40. Kf2 h5 41. Ke3 Re1+ 42. Kd4 a1=Q+ 43. Rxa1 Rxa1 44. Kd5 Ra5+ 45. Ke4 Ke6 46. d4 f5+ 47. exf6 Kxf6 48. c4 Ke6 49. g4 hxg4 50. hxg4 Ra4 51. Kd3 g5 52. Kc3 Kd6 53. Kb3 Ra1 54. Kb4 Rb1+ 55. Kc3 Rc1+ 56. Kd3 Rg1 57. Kc3 Rxg4 58. Kd3 Rg3+ 59.
Ke4 g4 60. Kf4 Rg1 61. Ke4 g3 62. c5+ Kc6 63. Kf3 Kd5 64. Ke3 g2 65. Kf2 Rc1 66. Kxg2 Kxd4 67. c6 Rxc6 68. Kf3 Re6 69. Kg4 Rf6 70.
Kg5 Rf1 71. Kg4 Ke4 72. Kg5 Ke5 73. Kg4 Rf8 74. Kg3 Ke4 75. Kg2 Ke3 76. Kg1 Ke2 77. Kg2 Rg8+ 78. Kh3 Kf2 79. Kh4 Kf3 80. Kh5 Kf4 81.
Kh6 Rg1 82. Kh7 Kf5 83. Kh6 Rg2 84. Kh7 Kf6 85. Kh8 Kf7 86. Kh7 Rh2# 0-1

[Event "Early-Titled-Tuesday-Blitz-September-05-2023"]
[Site "Chess.com"]
[Date "2023.09.05"]
[Round "4"]
[White "rdarruda"]
[Black "Zhigalko_Sergei"]
[Result "0-1"]
[WhiteElo "2591"]
[BlackElo "2895"]
[TimeControl "180+1"]
[EndTime "8:38:22 PDT"]
[Termination "Zhigalko_Sergei won by resignation"]

1. d4 Nf6 2. Nf3 e6 3. c4 b6 4. Nc3 Bb4 5. Bd2 Bb7 6. e3 O-O 7. Bd3 d6 8. Qc2 Nbd7 9. O-O e5 10. dxe5 dxe5 11. Ne4 Bxd2 12. Nfxd2 Qe7 13. Nxf6+ Nxf6 14. Ne4 Nd7 15. Nc3 h6 16. Be4 c6 17. Rad1 Rad8 18.
Bf5 Nf6 19. Ne4 c5 20. Nxf6+ Qxf6 21. Be4 Bc8 22. Rxd8 Rxd8 23. Rd1 Bg4 24. Rxd8+ Qxd8 25. Qd3 Qxd3 26. Bxd3 Be6 27. f4 f6 28. h4 g5 29.
g3 Kf7 30. Kf2 Ke7 31. Be2 Bf5 32. a3 Ke6 33. Bf1 Bc2 34. Bh3+ Kf7 35. Bf1 gxh4 36.
gxh4 Kg6 37. Bh3 Bd3 38. Be6 Bf5 39. Bd5 Bd3 40. Kg3 Kf5 41. Kf3 exf4 42. exf4 Bc2 43. Bc6 Bd1+ 44. Kg3 Be2 45. Bd5 Bd1 46. Bg8 Ke4 47. Bf7 Ke3 48. Bg6 Be2 49. Bf7 a5 50. Be6 Kd4 51. Bf7 Ke3 52. Be6 Bd1 53. Bf7 a4 54. Be6 Kd4 55. Bf7 Be2 56. Be6 Kd3 57. Bd7 Kc2 58. Be6 Kxb2 59. f5 Kxa3 0-1

[Event "Early-Titled-Tuesday-Blitz-September-05-2023"]
[Site "Chess.com"]
[Date "2023.09.05"]
[Round "4"]
[White "Willychess95"]
[Black "Boundless_Strike"]
[Result "0-1"]
[WhiteElo "2695"]
[BlackElo "2547"]
[TimeControl "180+1"]
[EndTime "8:38:22 PDT"]
[Termination "Boundless_Strike won by resignation"]

1. e4 d6 2. d4 e5 3. Nf3 Bg4 4. d5 f5 5. h3 Bxf3 6. gxf3 Qh4 7. Bd3 fxe4 8. fxe4 Nf6 9. Qe2 g6 10. Nc3 Bh6 11. Be3 O-O 12. O-O-O Bxe3+ 13. fxe3 Nbd7 14. Rdg1 Nc5 15. Qg2 Rf7 16. b4 Nxd3+ 17. cxd3 a5 18. bxa5 Rxa5 19. Rf1 b5 20. Kb1 b4 21. Nd1 Rf8 22. Nb2 Rfa8 23. Nc4 Rxa2 24. Qxa2 Rxa2 25. Kxa2 Nxe4 26. dxe4 Qxe4 27. Kb3 Qxd5 28. Kxb4 Qc5+ 29. Kb3 e4 30. Re1 d5 31. Nb2 Qb5+ 32. Kc2 c5 33. Rd1 c4 34. Rh2 Qb3+ 35. Kc1 Qxe3+ 36. Kb1 Qb3 37.
Rxd5 c3 38. Rd8+ Kg7 39. Rc2 cxb2 40. Rxb2 Qxh3 41. Rb7+ Kh6 42. Rdd7 Qf1+ 43. Kc2 e3 44. Rxh7+ Kg5 45. Rhe7 e2 46. Rb1 Qf5+ 47. Kc1 Qc5+ 48.
Kd2 Qxe7 49. Re1 Kf4 50. Rxe2 Qxe2+ 51. Kxe2 Kg3 52. Kf1 g5 53. Kg1 g4 54. Kf1 Kh2 55.
Kf2 g3+ 0-1

[Event "Early-Titled-Tuesday-Blitz-September-05-2023"]
[Site "Chess.com"]
[Date "2023.09.05"]
[Round "4"]
[White "Aleksandar-Topalov"]
[Black "Agoking701"]
[Result "0-1"]
[WhiteElo "2357"]
[BlackElo "2566"]
[TimeControl "180+1"]
[EndTime "8:38:22 PDT"]
[Termination "Agoking701 won on time"]

1. b3 Nf6 2. Bb2 c5 3. Nf3 Nc6 4.
c4 g6 5. e3 Bg7 6. Be2 O-O 7.
O-O d5 8. cxd5 Qxd5 9. d3 Rd8 10. a3 b6 11. Nbd2 Bb7 12. Rc1 Rac8 13. Rc2 e5 14. Qb1 Qe6 15. Rfc1 Nd5 16. Ba1 h6 17. Nc4 Re8 18.
Bf1 Kh8 19. Ncd2 f5 20. e4 Nf4 21. g3 Nh5 22. exf5 gxf5 23. Re1 Qd5 24. Rc4 Nd4 25.
Bg2 b5 26. Rcc1 Qd7 27. Nxd4 cxd4 28. Bxb7 Qxb7 29. a4 a6 30. Rxc8 Rxc8 31. Rc1 Nf6 32. axb5 axb5 33. Bb2 Nd5 34. Nf3 Nc3 35. Bxc3 dxc3 36.
Nh4 Qf7 37. b4 Qe6 38. Qa1 e4 39. dxe4 fxe4 40. Qa7 c2 41. Qb7 Qc6 42. Qf7 Qf6 43.
Qd7 Rc4 44. Qe8+ Kh7 45. Qxb5 Rc3 46. Qe2 e3 47. Rxc2 exf2+ 48. Qxf2 Qxf2+ 49. Rxf2 Bd4 0-1

[Event "Early-Titled-Tuesday-Blitz-September-05-2023"]
[Site "Chess.com"]
[Date "2023.09.05"]
[Round "4"]
[White "sokidze"]
[Black "Angry_Twin"]
[Result "1-0"]
[WhiteElo "2776"]
[BlackElo "2942"]
[TimeControl "180+1"]
[EndTime "8:38:23 PDT"]
[Termination "sokidze won on time"]

1. d4 Nf6 2. c4 e6 3. Nc3 Bb4 4. e3 O-O 5. Bd2 c5 6. a3 Bxc3 7. Bxc3 Ne4 8. Ne2 b6 9. d5 Bb7 10. f3 Nxc3 11. Nxc3 exd5 12. cxd5 d6 13. Bd3 Nd7 14. O-O f5 15. e4 fxe4 16. Bxe4 a6 17. a4 Ne5 18. f4 Nd7 19. Qd3 Qh4 20. Rf3 h6 21. Bf5 Nf6 22. Raf1 Bc8 23. Be6+ Bxe6 24. dxe6 Rfe8 25. Qxd6 Rad8 26. Qxb6 Rd2 27. Qxc5 Qg4 28.
R3f2 Rxf2 29. Qxf2 Qxe6 30. h3 Qc4 31. Rd1 Kh8 32. Kh2 Nh5 33. Rd4 Qb3 34. Qd2 Nf6 35.
Rd8 Rxd8 36. Qxd8+ Kh7 37. Qd3+ Kh8 38. Qxa6 Qxb2 39.
Qc8+ Kh7 40. a5 Qd2 41. Qf5+ Kh8 42. Qc8+ Kh7 43. Qc4 Qd6 44. a6 Qd7 45. Nb5 Nh5 46.
a7 Qb7 47. Qa4 Qa8 48. Nc7 Qb7 49. a8=Q Qxa8 50. Qxa8 Nf6 51. Nd5 1-0

[Event "Early-Titled-Tuesday-Blitz-September-05-2023"]
[Site "Chess.com"]
[Date "2023.09.05"]
[Round "4"]
[White "SpongeBob_03"]
[Black "masterofpuppets2"]
[Result "1-0"]
[WhiteElo "2219"]
[BlackElo "2456"]
[TimeControl "180+1"]
[EndTime "8:38:23 PDT"]
[Termination "SpongeBob_03 won by resignation"]

1. e4 c5 2. Nf3 Nc6 3. d4 cxd4 4. Nxd4 Nf6 5. Nc3 d6 6. f3 a6 7. Be3 e6 8. Qd2 h5 9. Bc4 Bd7 10. O-O-O b5 11. Ndxb5 axb5 12. Nxb5 Ne5 13. Be2 d5 14.
Qc3 Nc6 15. a3 Qa5 16. e5 Ng8 17. Qxa5 Rxa5 18. Bb6 Ra4 19. Nc7+ Ke7 20. Bb5 Rf4 21. Rxd5 exd5 22. Nxd5+ Ke6 23. Nxf4+ Kxe5 24. Nd3+ Kf5 25. Nf2 Kg6 26. Rd1 Be8 27. a4 Nf6 28. a5 Bb4 29. a6 Bd7 30. a7 Ra8 31. Rxd7 Nxd7 32. Bxc6 Nxb6 33. Bxa8 Nxa8 34. Ne4 Kf5 35. c3 Be7 36.
Kd2 Ke6 37. Kd3 f5 38. Nd2 Kd5 39. c4+ Kc5 40. Nb3+ Kb4 41. Nd4 g6 42. Nc6+ Kc5 43. Nxe7 Kb6 44. Nxg6 Kxa7 45. Ne7 f4 46. Nf5 Kb6 47. Ng7 h4 48. Nh5 Nc7 49. Nxf4 Kc5 50. Ng6 Ne6 51. Nxh4 Nf4+ 52. Ke4 Ne2 53. b3 Nc1 54. g4 Nxb3 55. g5 Nd2+ 56. Kf5 Nxc4 57. g6 Nd6+ 58. Kf6 Kd4 59. g7 Ne8+ 60. Kf7 Nxg7 61.
Kxg7 Ke3 62. Kg6 Kf4 63. Kh5 Ke3 64. Kg4 Kf2 65. f4 1-0

[Event "Early-Titled-Tuesday-Blitz-September-05-2023"]
[Site "Chess.com"]
[Date "2023.09.05"]
[Round "4"]
[White "MarcoRiehle"]
[Black "ozates"]
[Result "1/2-1/2"]
[WhiteElo "2798"]
[BlackElo "2570"]
[TimeControl "180+1"]
[EndTime "8:38:25 PDT"]
[Termination "Game drawn by stalemate"]

1. e4 e5 2. Nf3 Nc6 3. Bc4 Nf6 4.
d4 exd4 5. O-O Nxe4 6. Nc3 Nxc3 7. bxc3 d5 8. Bd3 Be7 9. Re1 Be6 10. cxd4 O-O 11.
c3 h6 12. Bc2 Qd7 13. Qd3 f5 14. Bf4 Rae8 15. Rab1 Bd6 16. Bxd6 Qxd6 17. Rxb7 Rb8 18.
Rxb8 Rxb8 19. Ne5 Nxe5 20. Rxe5 Rb2 21. Bb3 c6 22. h3 Kf7 23. Qd1 a5 24. Qh5+ Kf6 25.
Qh4+ Kf7 26. Kh2 a4 27. Bxa4 Rxa2 28. Bd1 c5 29. Bh5+ g6 30. Bf3 h5 31. Qg3 cxd4 32. cxd4 Ra6 33. Qg5 Qe7 34. Qh6 Qf6 35. Re1 Qxd4 36.
Rb1 Ra7 37. Qg5 Qf6 38. Qf4 Kg7 39. Rb6 Re7 40. Bxd5 Kf7 41. Rxe6 Rxe6 42. Qd6 Qe7 43. Qc6 Kf6 44. Qc3+ Re5 45. f4 Qd6 46. Bb3 g5 47. g3 h4 48. fxe5+ Qxe5 49. Qxe5+ Kxe5 50. gxh4 gxh4 51. Kg2 Kf6 52. Kf3 Kg5 53. Bc2 f4 54. Bd3 Kf6 55.
Kxf4 Kg7 56. Kg5 Kh8 57. Kxh4 Kg8 58. Kg5 Kh8 59. h4 Kg8 60. h5 Kh8 61. h6 Kg8 62. Kg6 Kh8 63. h7 1/2-1/2

[Event "Early-Titled-Tuesday-Blitz-September-05-2023"]
[Site "Chess.com"]
[Date "2023.09.05"]
[Round "4"]
[White "MarijaKuznecova"]
[Black "Just_Lucky_1"]
[Result "0-1"]
[WhiteElo "2383"]
[BlackElo "2513"]
[TimeControl "180+1"]
[EndTime "8:38:25 PDT"]
[Termination "Just_Lucky_1 won on time"]

1. e4 c5 2. Nf3 d6 3. d4 cxd4 4. Nxd4 Nf6 5. Nc3 a6 6. Be3 e5 7. Nb3 Be6 8. f3 h5 9. Qd2 Nbd7 10. Nd5 Bxd5 11. exd5 g6 12. Be2 b6 13. O-O Bg7 14. c4 O-O 15. Rae1 a5 16. a4 Nc5 17. Nxc5 bxc5 18. Qc2 Nd7 19. f4 f5 20. fxe5 Bxe5 21.
Bd3 Qf6 22. b3 Rae8 23. Bd2 Qh4 24. g3 Qf6 25. Bxa5 h4 26. g4 Bd4+ 27. Kh1 f4 28.
Rxe8 Rxe8 29. Bxg6 Re3 30. Bd2 Re2 31. Bf5 Ne5 32. Qd1 f3 33. Be6+ Kh8 34. Qxe2 fxe2 35. Rxf6 Nd3 36. Rf8+ Kg7 37. Rf7+ Kh8 38. Kg2 Be3 39.
Bc3+ Bd4 40. Ba5 Nb4 41. Rf8+ Kg7 42. Rf7+ Kg6 43. Re7 Kf6 44. Rf7+ Kg6 45. Re7 Kf6 46. Re8 e1=Q 47. Bd8+ Kg7 48. Re7+ Kf8 49. Rf7+ Ke8 50.
Bc7 Qe4+ 0-1

[Event "Early-Titled-Tuesday-Blitz-September-05-2023"]
[Site "Chess.com"]
[Date "2023.09.05"]
[Round "4"]
[White "EvgenyBurmakin"]
[Black "ExchangeAB"]
[Result "0-1"]
[WhiteElo "2283"]
[BlackElo "2439"]
[TimeControl "180+1"]
[EndTime "8:38:25 PDT"]
[Termination "ExchangeAB won by resignation"]

1. e4 c6 2. Nc3 d5 3. Nf3 Bg4 4. d4 e6 5. Bd3 dxe4 6. Nxe4 Nf6 7. c3 Nxe4 8. Bxe4 Nd7 9. Bf4 Nf6 10. Bc2 Bd6 11. Bg3 O-O 12. O-O Bxg3 13. hxg3 Bxf3 14. Qxf3 Qd5 15. Qd3 c5 16. dxc5 Qxc5 17. Rad1 Qc7 18. Qd6 Qxd6 19. Rxd6 Rfd8 20. Rfd1 Rxd6 21. Rxd6 Kf8 22. Kf1 Ke7 23. Rd2 Rd8 24. Rxd8 Kxd8 25. Ke2 Ke7 26. Ke3 Kd6 27. f3 h6 28. g4 Nd5+ 29.
Kd2 g5 30. Be4 Nb6 31. Bxb7 Nc4+ 32. Kc1 Ne3 33. g3 Nf1 34. Kd1 Nxg3 35. Ke1 h5 36. gxh5 Nxh5 37. Kd2 f5 38. c4 Kc5 39. Kc3 Nf4 40.
b4+ Kb6 41. Bc8 g4 42. fxg4 fxg4 43. c5+ Kc7 44. Ba6 g3 45. Bf1 g2 46. Bxg2 Nxg2 47.
Kd4 Kd7 48. b5 Nf4 49. a4 Ng6 50. a5 Kc7 51. c6 a6 52. bxa6 Kxc6 53. Kc4 Kc7 54. Kc5 Kb8 55. Kd6 e5 56. Kd5 Ka7 57. Ke4 Kxa6 58. Kf5 Kxa5 59. Kxg6 e4 60. Kf5 e3 0-1

[Event "Early-Titled-Tuesday-Blitz-September-05-2023"]
[Site "Chess.com"]
[Date "2023.09.05"]
[Round "4"]
[White "Iball95"]
[Black "tteshan"]
[Result "1-0"]
[WhiteElo "2816"]
[BlackElo "2563"]
[TimeControl "180+1"]
[EndTime "8:38:26 PDT"]
[Termination "Iball95 won by resignation"]

1. e4 c5 2. Nc3 Nc6 3. Nf3 e6 4. d4 cxd4 5. Nxd4 a6 6. Nxc6 bxc6 7. Qf3 Qc7 8. Qg3 Qxg3 9. hxg3 Nf6 10. Bd3 d5 11. Bd2 Bc5 12. f3 Bb7 13. O-O-O Ke7 14. g4 h6 15. Rhe1 Rhd8 16. Na4 Ba7 17. g5 hxg5 18. e5 Nd7 19. Bxg5+ f6 20. exf6+ gxf6 21. Bd2 Kf7 22. Rh1 Rh8 23. b3 Ne5 24. Be2 c5 25.
Nb2 Bb6 26. Nd3 Nxd3+ 27. Bxd3 Bc6 28. Rxh8 Rxh8 29. Bxa6 Ra8 30. Bd3 Rxa2 31. Kb1 Ra8 32. Rh1 Rg8 33. g4 Bc7 34. Rh7+ Rg7 35. Rh8 Rg8 36.
Rh7+ Rg7 37. Rh8 Rg8 38. Rh6 Be5 39. c3 c4 40. bxc4 dxc4 41. Bxc4 Bxf3 42. Rh7+ Kg6 43. Bd3+ f5 44. Rh6+ Kf7 45. gxf5 exf5 46. Bc4+ Kg7 47.
Bxg8 Kxg8 48. Re6 Be4+ 49. Kb2 Bg7 50. Bf4 Kf7 51. Rb6 Bf6 52. Kb3 Ke7 53. c4 Bd4 54. Rh6 Kd7 55. Rd6+ 1-0

[Event "Early-Titled-Tuesday-Blitz-September-05-2023"]
[Site "Chess.com"]
[Date "2023.09.05"]
[Round "4"]
[White "Qvalda"]
[Black "malakismayil"]
[Result "0-1"]
[WhiteElo "2358"]
[BlackElo "2507"]
[TimeControl "180+1"]
[EndTime "8:38:26 PDT"]
[Termination "malakismayil won on time"]

1. d4 Nf6 2. Nf3 d5 3. c4 e6 4. cxd5 exd5 5. Qc2 c6 6. Nc3 Bd6 7. Bg5 h6 8. Bh4 O-O 9. e3 Bg4 10. Bd3 Nbd7 11. h3 Be6 12. g4 Be7 13. O-O-O Ne4 14.
Bxe7 Qxe7 15. Bxe4 dxe4 16. Qxe4 b5 17. g5 h5 18. g6 f5 19. Qh4 Qxh4 20. Nxh4 b4 21. d5 cxd5 22. Nxd5 Ne5 23. Kb1 Rab8 24. Nf4 Bc4 25.
Nxh5 b3 26. a3 Bd3+ 27. Ka1 Be4 28. Rhg1 Nc4 29. Rd7 Rb7 30. Rxb7 Bxb7 31. Rc1 Rd8 32.
Nxf5 Be4 33. Nfg3 Bc2 34. Nf4 Rd2 35. Ne6 Rxf2 36. Nd4 Nxe3 37. Re1 Rd2 38. Nge2 Bd3 39. Nc1 Bxg6 40. Ndxb3 Nc2+ 41. Kb1 Nxe1+ 42. Ka2 Rh2 43. a4 Nd3 44. Nxd3 Bxd3 45. Nc5 Bc4+ 46. Ka3 Rxh3+ 47. Kb4 Bd5 48. a5 g5 49. Nd7 g4 50. Nf6+ Kf7 51. Nxd5 g3 52. Nf4 Rh4 0-1

[Event "Early-Titled-Tuesday-Blitz-September-05-2023"]
[Site "Chess.com"]
[Date "2023.09.05"]
[Round "4"]
[White "Brave_spirit12"]
[Black "djano"]
[Result "0-1"]
[WhiteElo "2810"]
[BlackElo "2591"]
[TimeControl "180+1"]
[EndTime "8:38:28 PDT"]
[Termination "djano won by resignation"]

1. e4 c6 2. Nc3 d5 3. Nf3 dxe4 4. Nxe4 Nf6 5. Nxf6+ exf6 6. Bc4 Bd6 7. O-O O-O 8. Nh4 Bxh2+ 9. Kxh2 Qd4 10. Bxf7+ Rxf7 11. Nf3 Qd6+ 12. Kg1 Bg4 13. d4 Nd7 14. c3 Qd5 15.
Bf4 Re8 16. Qd3 Bxf3 17. Qxf3 Qxf3 18. gxf3 Re2 19. b3 Rfe7 20. c4 Nb6 21. Rfd1 Rd7 22. a4 Rb2 23. a5 Nc8 24. Rd3 Ne7 25. Rad1 g5 26. Bb8 b6 27. axb6 axb6 28. d5 cxd5 29. cxd5 Kf7 30. d6 Nc6 31. Bc7 Ne5 32. Re3 Rc2 33.
Bxb6 Rc6 34. Ba5 Rcxd6 35. Rxd6 Rxd6 36. Bc3 Rd1+ 37. Kg2 Ng6 38. Re1 Nf4+ 39. Kh2 Rd3 40. Re3 Rd1 41. Re4 Rb1 42. b4 Rb3 43. Bd2 Rxf3 44. Be3 Nd5 45. b5 Nxe3 46. fxe3 Rf2+ 47. Kg3 Rb2 48. Rc4 Rxb5 49. e4 Kg6 50. Rc6 h5 51.
Kf3 Re5 52. Rb6 h4 53. Ra6 Rc5 54. Kg2 g4 55. Ra4 Kg5 56. Rd4 Rc2+ 57. Rd2 Rxd2+ 0-1

[Event "Early-Titled-Tuesday-Blitz-September-05-2023"]
[Site "Chess.com"]
[Date "2023.09.05"]
[Round "4"]
[White "Chernobay_Artem"]
[Black "Jahonas"]
[Result "1-0"]
[WhiteElo "2606"]
[BlackElo "2423"]
[TimeControl "180+1"]
[EndTime "8:38:28 PDT"]
[Termination "Chernobay_Artem won by checkmate"]

1. e4 c6 2. d4 d5 3. e5 Bf5 4. h4 h5 5. c4 e6 6. Nc3 Nd7 7. cxd5 cxd5 8. Bd3 Bxd3 9. Qxd3 a6 10. Bg5 Qb6 11.
Nge2 Ne7 12. O-O Nc6 13. Rac1 Be7 14. Bxe7 Nxe7 15. Nf4 g6 16. Na4 Qb5 17. Qa3 Nc6 18. Rfd1 Qb4 19. Qxb4 Nxb4 20. Rc7 Rb8 21. Rdc1 Nc6 22.
Nc5 Nxc5 23. Rxc5 O-O 24. Ne2 Rfc8 25. Rxc8+ Rxc8 26. f3 Kf8 27. Kf2 Ke8 28. Ke3 Kd7 29. Nc1 b6 30. Rc3 Rg8 31. Ne2 g5 32. hxg5 Rxg5 33. g3 Ne7 34. Rc1 Nf5+ 35. Kf4 Rg8 36. Rh1 Rc8 37. Rxh5 Rc2 38. g4 Ne7 39. Ng3 Rxb2 40.
Rh7 Ke8 41. Nh5 Rd2 42. Nf6+ Kf8 43. Rh8+ Kg7 44. Re8 Ng6+ 45. Kg5 Nf8 46. Nh5+ Kg8 47. Nf6+ Kg7 48. f4 Rxd4 49. f5 exf5 50. Nh5+ Kg8 51. gxf5 Rd2 52. Nf6+ Kg7 53. Nh5+ Kg8 54. Kh6 Rh2 55.
e6 fxe6 56. fxe6 Re2 57. Nf6+ Kh8 58. Rxf8# 1-0

[Event "Early-Titled-Tuesday-Blitz-September-05-2023"]
[Site "Chess.com"]
[Date "2023.09.05"]
[Round "4"]
[White "Tugrik1969"]
[Black "hsd2016"]
[Result "1-0"]
[WhiteElo "2484"]
[BlackElo "2266"]
[TimeControl "180+1"]
[EndTime "8:38:29 PDT"]
[Termination "Tugrik1969 won by checkmate"]

1. e4 c5 2. Nf3 e6 3. d3 d5 4. Nbd2 Nc6 5. g3 g6 6. Bg2 Bg7 7. O-O Nf6 8. Re1 O-O 9. c3 dxe4 10. dxe4 b6 11. a4 Bb7 12. Qc2 Qe7 13. Nc4 Rad8 14.
Qb3 Ba6 15. Bf1 Nd7 16. Bf4 Bxc4 17. Qxc4 Nde5 18. Nxe5 Nxe5 19. Bxe5 Bxe5 20. a5 Rd2 21. Re2 Rfd8 22. f4 Bg7 23. axb6 axb6 24. e5 Qb7 25. Bg2 Rd1+ 26. Re1 Rxa1 27. Rxa1 Qd7 28. Bf3 Qd2 29.
Qe2 Qxe2 30. Bxe2 Rd2 31. Ra8+ Bf8 32. Bb5 Rxb2 33. Be8 Rc2 34. Ra7 Rc1+ 35. Kg2 Rc2+ 36. Kh3 Rxc3 37. Bxf7+ Kh8 38. Bxe6 Rd3 39. Rf7 Rd8 40. Bc4 Bg7 41. e6 Re8 42. Rb7 h6 43. Rxb6 Bd4 44. Rb7 Kg8 45. Kg4 Kh8 46. f5 gxf5+ 47.
Kxf5 Kg8 48. Kg6 Be3 49. Rf7 Kh8 50. e7 Kg8 51. Rf8# 1-0

[Event "Early-Titled-Tuesday-Blitz-September-05-2023"]
[Site "Chess.com"]
[Date "2023.09.05"]
[Round "4"]
[White "MikeSailer"]
[Black "TioCridineno"]
[Result "0-1"]
[WhiteElo "2164"]
[BlackElo "2337"]
[TimeControl "180+1"]
[EndTime "8:38:29 PDT"]
[Termination "TioCridineno won by resignation"]

1. d4 Nf6 2. Nc3 d5 3. Bf4 c6 4. Nf3 Bf5 5. e3 e6 6. a3 a6 7. Ne5 Bd6 8. g4 Bg6 9. h4 h5 10. g5 Ng8 11. Nxg6 fxg6 12. Bd3 Ne7 13. Bxd6 Qxd6 14.
Qe2 O-O 15. O-O-O b5 16. f3 Nd7 17. e4 a5 18. exd5 exd5 19. Rde1 Nf5 20. Qe6+ Qxe6 21. Rxe6 Nxd4 22. Rxg6 Ne5 23. Rd6 b4 24. Na4 Rxf3 25. Nb6 Raf8 26. Nd7 Nxd3+ 27. cxd3 R8f4 28. axb4 axb4 29.
Ne5 Rf2 30. Nxc6 Rc2+ 31. Kb1 Rxc6 32. Rxd5 Nb3 33. Rg1 Nd2+ 34. Ka2 Nf3 35. Rg3 Nxh4 36. g6 Kf8 37. Rxh5 Nf5 38. Rg1 Ke7 39. Re1+ Kf6 40. Rh8 Kxg6 41. Rg1+ Kf7 42. Ra8 Rc7 43. Ra6 Nd4 44. Re1 b3+ 45. Kb1 Nf3 46. Rd1 Ne5 47. Rb6 Rf2 48. Rxb3 Rcc2 49. d4 Nd7 50. d5 Ke7 51. d6+ Ke6 52. Re3+ Kf6 53. Rb3 g5 54. Rg1 Rg2 55. Re1 g4 56. Re7 Ne5 57. Re8 Rcd2 58. Rf8+ Kg7 59. Re8 Nf7 60. Re7 Kf6 61. Rbb7 Nxd6 62.
Red7 Ke5 63. Re7+ Kf6 64. Red7 Kf5 65. Rb5+ Nxb5 0-1

[Event "Early-Titled-Tuesday-Blitz-September-05-2023"]
[Site "Chess.com"]
[Date "2023.09.05"]
[Round "4"]
[White "alpltl"]
[Black "TatjanaVasilevich"]
[Result "1-0"]
[WhiteElo "2356"]
[BlackElo "2404"]
[TimeControl "180+1"]
[EndTime "8:38:30 PDT"]
[Termination "alpltl won by checkmate"]

1. Nf3 f5 2. d3 Nf6 3. e4 fxe4 4. dxe4 Nxe4 5. Bd3 Nf6 6. Ng5 g6 7. h4 d5 8. h5 Rg8 9. Nxh7 gxh5 10. Nxf6+ exf6 11. Qxh5+ Ke7 12. Nc3 Be6 13. Bf4 Kd7 14. Nxd5 Bd6 15. O-O-O Nc6 16. Qh7+ Kc8 17. Bf5 Bxf5 18.
Qxf5+ Kb8 19. Nxf6 Rg7 20. Kb1 Rf7 21. Rh6 a5 22. g4 Qf8 23. Bxd6 Qxh6 24. g5 Qg7 25.
Be5 Nxe5 26. Qxe5 b6 27. f4 Kb7 28. Qe4+ c6 29. Rd6 Rc8 30. a3 Re7 31. Qd3 Qf7 32.
b3 a4 33. Kb2 axb3 34. cxb3 Rh8 35. g6 Rh2+ 36. Kc3 Qg7 37. Rd7+ Kb8 38. Qd6+ Ka8 39. Qxe7 Rh3+ 40. Kd4 c5+ 41. Kd5 Rd3+ 42. Kc6 Rxd7 43.
Kxd7 Qxg6 44. Qd8+ Ka7 45. Qc7+ Ka6 46. Nd5 Qf5+ 47. Kc6 Qe6+ 48. Qd6 Qe8+ 49. Kc7 Qf7+ 50. Qd7 Qg6 51. f5 Qg3+ 52. Kc8 Qxb3 53. f6 Qxa3 54.
f7 Qf3 55. Kd8 c4 56. Ke8 Qe4+ 57. Ne7 c3 58. f8=Q c2 59. Qf1+ Ka5 60. Qdb5# 1-0

[Event "Early-Titled-Tuesday-Blitz-September-05-2023"]
[Site "Chess.com"]
[Date "2023.09.05"]
[Round "4"]
[White "ljm509"]
[Black "Shuvalov"]
[Result "0-1"]
[WhiteElo "2308"]
[BlackElo "2493"]
[TimeControl "180+1"]
[EndTime "8:38:30 PDT"]
[Termination "Shuvalov won by checkmate"]

1. e4 e6 2. d4 d5 3. Nc3 Bb4 4. exd5 exd5 5. Nf3 Nf6 6. Bd3 O-O 7. O-O c6 8. h3 Re8 9. Ne2 b6 10. Nf4 Bd6 11.
c3 Ba6 12. Bxa6 Nxa6 13. Bd2 Nc7 14. Qa4 Qd7 15. Nd3 Ne4 16. Nfe5 Bxe5 17. Nxe5 Rxe5 18. dxe5 Nxd2 19. Rfd1 b5 20. Qf4 Nc4 21. b3 Nb6 22. c4 bxc4 23. bxc4 Ne6 24. Qg4 h5 25. Qxh5 Nxc4 26.
Rac1 Qc7 27. Re1 Re8 28. Qf5 Nd4 29. Qd3 Ne6 30. Qf5 g6 31. Qf6 Qe7 32. Qf3 Ng5 33.
Qg3 Ne6 34. f4 Ng7 35. Qf2 Qc7 36. Kh2 Qa5 37. Re2 Qa3 38. Rcc2 Nf5 39. Rxc4 dxc4 40. g4 Ng7 41. f5 Qa5 42. e6 f6 43. Qd4 gxf5 44.
Qxf6 Rf8 45. Qg6 Qc7+ 46. Kh1 Qe7 47. gxf5 Rxf5 48. h4 Qxh4+ 49. Kg2 Rg5+ 50. Qxg5 Qxg5+ 51. Kf3 Nxe6 52. Rxe6 Qf5+ 53. Ke3 Qxe6+ 54. Kd4 Qd5+ 55.
Kc3 Qd3+ 56. Kb4 c3 57. Kc5 c2 58. Kxc6 c1=Q+ 59. Kb7 Qb5+ 60. Ka8 Qcc6+ 61. Kxa7 Qcb7# 0-1

[Event "Early-Titled-Tuesday-Blitz-September-05-2023"]
[Site "Chess.com"]
[Date "2023.09.05"]
[Round "4"]
[White "zverr1"]
[Black "vedantgoswami"]
[Result "1/2-1/2"]
[WhiteElo "2485"]
[BlackElo "2313"]
[TimeControl "180+1"]
[EndTime "8:38:30 PDT"]
[Termination "Game drawn by repetition"]

1. d4 Nf6 2. c4 e6 3. Nf3 Bb4+ 4.
Bd2 Qe7 5. e3 b6 6. Bd3 Bb7 7.
O-O Bxd2 8. Nbxd2 O-O 9. Qc2 d6 10. b4 Nbd7 11. a3 c5 12. dxc5 dxc5 13. b5 Rfd8 14.
Ne4 a5 15. bxa6 Rxa6 16. a4 Rda8 17. Nc3 Bxf3 18. gxf3 Ne5 19. f4 Nf3+ 20. Kg2 Qb7 21. Be4 Nxe4 22. Qxe4 Nh4+ 23. Kh3 Qxe4 24. Nxe4 Nf5 25.
Nc3 Nd6 26. Rad1 Nxc4 27. Rd7 Nb2 28. Rb1 Nxa4 29. Nxa4 Rxa4 30. Rxb6 h6 31. Rbb7 Rf8 32. Rb5 Ra2 33. Kg3 Rc2 34. Rc7 c4 35. Rbc5 Rb8 36. Rxc4 Rxc4 37. Rxc4 Rb7 38. Rc6 Kh7 39. Kg4 Rb4 40. Rc7 Kg6 41. Rc6 Kf6 42. Kf3 g5 43.
fxg5+ hxg5 44. Rc5 Kg6 45. Kg3 Rb2 46. Rc8 Kg7 47. Rc5 Kg6 48. Ra5 Rb1 49. Kg4 Rg1+ 50. Kf3 g4+ 51. Kf4 f6 52. Ra6 e5+ 53. Ke4 Rg2 54.
f4 gxf3 55. Kxf3 Rxh2 56. Ra8 Rh3+ 57. Ke4 Rh4+ 58. Kf3 Kf5 59. Ra5 Rh3+ 60. Kf2 Rh2+ 61. Kf3 Rh3+ 62. Kf2 Rh4 63. Kf3 Rb4 64. Rc5 Ke6 65.
Rc6+ Kf7 66. Ra6 Kg6 67. Ra5 Kg5 68. Rc5 Kg6 69. Ra5 Rb3 70. Ke4 Rb4+ 71. Kf3 1/2-1/2

[Event "Early-Titled-Tuesday-Blitz-September-05-2023"]
[Site "Chess.com"]
[Date "2023.09.05"]
[Round "4"]
[White "GeorgiosSouleidis"]
[Black "MrBad74"]
[Result "1/2-1/2"]
[WhiteElo "2532"]
[BlackElo "2347"]
[TimeControl "180+1"]
[EndTime "8:38:30 PDT"]
[Termination "Game drawn by repetition"]

1. e4 e6 2. d4 d5 3. Nc3 Bb4 4. Ne2 Nc6 5. a3 Ba5 6. b4 Bb6 7. exd5 exd5 8. Na4 Nge7 9. c3 Bf5 10. Ng3 Bg6 11.
h4 Nf5 12. Nxf5 Bxf5 13. h5 Qe7+ 14. Qe2 h6 15. Bf4 O-O-O 16. Qxe7 Nxe7 17. Be2 Rhe8 18. f3 c6 19. Nxb6+ axb6 20. Kf2 Kd7 21. g4 Be6 22. a4 Ra8 23. Bg3 Nc8 24. Bd3 Nd6 25. Rhe1 f6 26. Bf4 Bf7 27. Rxe8 Bxe8 28. Bd2 Bf7 29. Kg3 Nc4 30.
Bxc4 dxc4 31. Kf2 Bd5 32. Be3 Re8 33. a5 Ra8 34. Bd2 bxa5 35. bxa5 Ra6 36. f4 Ra8 37. Rb1 Kc7 38. Ra1 Kd7 39. g5 fxg5 40. fxg5 hxg5 41. Bxg5 Bf7 42. h6 gxh6 43. Bxh6 Bd5 44. Bf4 Rf8 45.
Ke3 Re8+ 46. Be5 Rg8 47. Rf1 Ra8 48. Rg1 Rxa5 49. Rg7+ Ke6 50. Rxb7 Ra3 51. Kd2 Ra2+ 52. Kc1 Ra1+ 53. Kb2 Rf1 54. Rh7 Rf2+ 55. Kc1 Rf3 56. Rh6+ Kd7 57. Rh7+ Ke6 58. Rh6+ Kd7 59. Rh7+ Ke6 1/2-1/2